 Dungeon Crawl Stone Soup version 0.20.1-1-g8b1a95d (webtiles) character file.

365 letownia2 the Grave Robber (level 6, -5/50 HPs)
             Began as a Deep Dwarf Necromancer on Nov 4, 2017.
             Was an Initiate of Gozag.
             Slain by Menkaure (13 damage)
             ... on level 5 of the Dungeon on Nov 5, 2017.
             The game lasted 00:09:00 (3884 turns).

letownia2 the Grave Robber (Deep Dwarf Necromancer) Turns: 3884, Time: 00:09:01

Health: -5/50      AC:  2    Str: 20    XL:     6   Next: 40%
Magic:  9/11       EV: 12    Int: 17    God:    Gozag
Gold:   494        SH:  0    Dex: 11    Spells: 7/11 levels left

rFire    + . .     SeeInvis .   a - +2 dagger of Hoitupoi {freeze, MR++} (curse)
rCold    x . .     Gourm    .   (no shield)
rNeg     + . .     Faith    .   k - +0 animal skin "Reaxzoit" {Str+8 Dex-2 Slay+3} (curse)
rPois    .         Spirit   .   (no helmet)
rElec    .         Reflect  .   r - scarf {cloud immunity}
rCorr    .         Harm     .   (no gloves)
MR       ++...                  (no boots)
Stlth    ++........             (no amulet)
Regen    0.0/turn               o - ring of positive energy
MPRegen  0.2/turn               v - ring of fire

@: lethally poisoned (-5 -> -5), non-regenerating
A: damage resistance, heal wounds, sense surroundings 1, no regeneration
a: Heal Wounds, Potion Petition, Call Merchant, Bribe Branch, Renounce Religion


You were on level 5 of the Dungeon.
You worshipped Gozag.
Gozag was aware of your devotion.
You were not hungry.

You visited 2 branches of the dungeon, and saw 6 of its levels.

You collected 552 gold pieces.
You paid 58 gold pieces to Gozag.

Inventory:

Hand Weapons
 a - the cursed +2 dagger of Hoitupoi (weapon) {freeze, MR++}
   (You found it on level 4 of the Dungeon)

   It has been specially enchanted to freeze those struck by it, causing extra
   injury to most foes and up to half again as much damage against particularly
   susceptible opponents.
   It can also slow down cold-blooded creatures.
   It affects your resistance to hostile enchantments.
   It has a curse placed upon it.
 e - a +0 short sword
Missiles
 g - 15 sling bullets
 h - 23 poisoned needles
Armour
 j - a +0 robe
 k - the cursed +0 animal skin "Reaxzoit" (worn) {Str+8 Dex-2 Slay+3}
   (You found it on level 4 of the Dungeon)

   It affects your strength (+8).
   It affects your dexterity (-2).
   It affects your accuracy and damage with ranged weapons and melee attacks
   (+3).
   It has a curse placed upon it.
 l - a +0 ring mail
 q - a +1 ring mail of poison resistance
 r - a scarf of cloud immunity (worn)
Jewellery
 o - a ring of positive energy (left hand)
 v - a ring of fire (right hand)
 z - a cursed -3 ring of intelligence {unknown}
Scrolls
 d - 4 scrolls of teleportation {unknown}
 f - a scroll of amnesia {unknown}
 i - 2 scrolls of fog {unknown}
 m - 2 scrolls of random uselessness {unknown}
 n - a scroll of enchant weapon {unknown}
 s - 2 scrolls of noise {unknown}
 u - 2 scrolls of remove curse {unknown}
 w - a scroll of blinking {unknown}
 x - a scroll of recharging {unknown}
 y - a scroll of identify {unknown}
Potions
 c - a potion of might {unknown}
 t - a potion of resistance {unknown}
Books
 b - a book of Necromancy

   Spells                             Type                      Level
   a - Pain                           Necromancy                   1
   b - Animate Skeleton               Necromancy                   1
   c - Vampiric Draining              Necromancy                   3
   d - Regeneration                   Charms/Necromancy            3
   e - Animate Dead                   Necromancy                   4
   f - Control Undead                 Necromancy                   4
Comestibles
 p - 2 fruits


   Skills:
 + Level 0.3 Fighting
 - Level 2.1 Dodging
 - Level 2.4 Stealth
 + Level 3.4 Spellcasting
 + Level 7.5 Necromancy


You had 7 spell levels left.
You knew the following spells:

 Your Spells              Type           Power        Failure   Level  Hunger
a - Pain                  Necr           ####         1%          1    None
v - Vampiric Draining     Necr           ####......   2%          3    ###....


Dungeon Overview and Level Annotations

Branches:
Dungeon (4/15)             Temple (1/1) D:4

Altars:
Cheibriados
Dithmenos
Elyvilon
Fedhas
Gozag
Hepliaklqana
Kikubaaqudgha
Okawaru
Qazlal
Sif Muna
Trog
Uskayaw
Vehumet
Xom
The Shining One

Shops:
D:4 *

Annotations:
D:5 Menkaure


Innate Abilities, Weirdness & Mutations

You are resistant to damage.
You can heal yourself by infusing magical energy.
You passively map a small area around you.
You do not regenerate.


Message History

You are too injured to fight recklessly!
You hit Menkaure. You freeze Menkaure.
Menkaure is lightly damaged.
Menkaure hits you!
* * * LOW HITPOINT WARNING * * *
You hit Menkaure.
Menkaure is moderately damaged.
Menkaure calls on the powers of darkness!
Your body is wracked with pain!
* * * LOW HITPOINT WARNING * * *
You hit Menkaure. You freeze Menkaure.
Menkaure is heavily damaged.
You hit Menkaure but do no damage.
Menkaure is heavily damaged.
Menkaure barely misses you.
You hit Menkaure.
Menkaure is severely damaged.
Menkaure hits you!
You die...
Your body crumbles into a pile of gold.

, , , ** ** * *
* * *, ,, , ,
*** * , * #,
####### *#.#####
#.....# ,,#....#
#.###.#########*
* #.###.# #.#
#..@M...... #
#.# #.#
########### *
#.# #.# *,*
#.###.# *
#.....# #.#####
** #.# * * #.# *
, #.# ,


You could see Menkaure.

Vanquished Creatures
  An ogre (D:4)
  A howler monkey (D:4)
  An orc priest (D:4)
  2 orc wizards (D:3)
  A worker ant (D:5)
  A hound skeleton (D:4)
  5 adders
  An ooze (D:3)
  An adder skeleton (D:4)
  2 worms
  2 leopard geckos
  6 orcs
  A giant cockroach (D:2)
  8 goblins
  7 hobgoblins
  6 kobolds
  2 quokkas
  2 ball pythons (D:1)
  4 bats
  8 frilled lizards
  2 leopard gecko skeletons (D:4)
  9 rats
73 creatures vanquished.

Notes
Turn   | Place    | Note
-------+----------+-------------------------------------------
     0 | D:1      | letownia2 the Deep Dwarf Necromancer began the quest for the Orb.
     0 | D:1      | Reached XP level 1. HP: 15/15 MP: 3/3
   459 | D:2      | Reached XP level 2. HP: 14/22 MP: 0/5
   735 | D:4      | Found a bloodstained altar of Trog.
   740 | D:4      | Got a bloodstained dagger
   740 | D:4      | Got a jewelled animal skin
   752 | D:4      | Identified the cursed +0 animal skin "Reaxzoit" {Str+8 Dex-2 Slay+3} (You found it on level 4 of the Dungeon)
   752 | D:4      | Identified the cursed +2 dagger of Hoitupoi {freeze, MR++} (You found it on level 4 of the Dungeon)
   805 | D:4      | Noticed a howler monkey
   856 | D:4      | Killed a howler monkey
   856 | D:4      | Reached skill level 5 in Necromancy
   856 | D:4      | Reached XP level 3. HP: 8/28 MP: 0/6
   861 | D:4      | Learned a level 3 spell: Vampiric Draining
  1091 | D:3      | Reached skill level 6 in Necromancy
  1091 | D:3      | Reached XP level 4. HP: 23/36 MP: 0/7
  1317 | D:4      | Found a staircase to the Ecumenical Temple.
  1340 | Temple   | Entered the Ecumenical Temple
  1411 | Temple   | Became a worshipper of Gozag Ym Sagoz the Greedy
  1526 | D:4      | Noticed an ogre
  1535 | D:4      | Killed an ogre
  1535 | D:4      | Reached XP level 5. HP: 38/42 MP: 0/9
  1771 | D:3      | Reached skill level 7 in Necromancy
  1893 | D:3      | Reached XP level 6. HP: 36/49 MP: 5/10
  3653 | D:4      | Found Ysamn's General Store.
  3856 | D:4      | You fall through a shaft!
  3856 | D:5      | Entered Level 5 of the Dungeon
  3877 | D:5      | Noticed Menkaure
  3884 | D:5      | Slain by Menkaure

Skill      XL: |  1  2  3  4  5 |
---------------+----------------+-----
Spellcasting   | 2 3 |  3.4
Necromancy     | 5 6 7 |  7.5
Fighting       | |  0.3
Dodging        | |  2.1
Stealth        | |  2.4

Action                   |  1- 3 |  4- 6 || total
-------------------------+-------+-------++-------
Melee: Unarmed           |    15 |       ||    15
       Dagger            |     1 |    32 ||    33
 Cast: Pain              |    40 |    81 ||   121
       Vampiric Draining |     5 |     6 ||    11
 Stab: Sleeping          |       |     1 ||     1
  Eat: Chunk             |       |     3 ||     3
       Bread ration      |       |     2 ||     2
Armor: Robe              |    20 |       ||    20
       Animal skin       |       |     4 ||     4
Dodge: Dodged            |    52 |    20 ||    72
